 Dungeon Crawl Stone Soup version 0.30-a0-883-g5ad918d77d (webtiles) character file.

Game seed: 14804682192431573529

110 Demosthentine the Poker (level 4, 0/34 HPs)
             Began as a Demonspawn Gladiator on Mar 16, 2023.
             Was an Initiate of Hepliaklqana.
             Slain by a goblin
             ... wielding a +0 club
             ... led by Robin
              (2 damage)
             ... on level 2 of the Dungeon.
             The game lasted 00:01:41 (1383 turns).

Demosthentine the Poker (Demonspawn Gladiator)      Turns: 1383, Time: 00:01:41

Health: 0/34       AC:  6    Str: 17    XL:     4   Next: 61%
Magic:  4/4        EV: 12    Int:  9    God:    Hepliaklqana [......]
Gold:   41         SH:  0    Dex: 14    Spells: 3/3 levels left

rFire   . . .      SeeInvis .    a - +0 trident
rCold   . . .      Faith    .    (no shield)
rNeg    . . .      Spirit   .    b - +1 leather armour
rPois   .          Reflect  .    h - +2 hat
rElec   .          Rampage  .    (no cloak)
rCorr   .                        (no gloves)
Will    .....                    (no boots)
Stlth   +                        (no amulet)
HPRegen 0.25/turn                (no ring)
MPRegen 0.09/turn                (no ring)

@: no status effects
A: antennae 1, demonic touch 1
a: Renounce Religion


You were on level 2 of the Dungeon.
You worshipped Hepliaklqana.
Hepliaklqana was noncommittal.
You visited 1 branch of the dungeon, and saw 2 of its levels.

You collected 41 gold pieces.

Inventory:

Hand Weapons
 a - a +0 trident (weapon)
Missiles
 d - 3 throwing nets (quivered)
 e - a javelin
Armour
 b - a +1 leather armour (worn)
 g - a +0 buckler
 h - a +2 hat (worn)


   Skills:
 + Level 2.8 Fighting
 + Level 3.3 Polearms
 - Level 1.7 Throwing
 + Level 1.7 Armour
 + Level 3.3 Dodging
 + Level 0.4 Shields


You had 3 spell levels left.
You didn't know any spells.
Your spell library was empty.

Dungeon Overview and Level Annotations

Branches:
Dungeon (2/15)

Altars:
Hepliaklqana


Innate Abilities, Weirdness & Mutations

You have a pair of small antennae on your head.
Your touch may inflict minor irresistible damage on your foes.


Message History

The goblin no longer looks unusually strong.
Robin roars a battlecry!
The goblins go into a battle-frenzy!
Reach: a) +0 trident
Press: ? - help, Dir - move target, f/p - Robin
Aim: Robin, wielding a +0 mace, wearing a +0 animal skin and wearing a +0 helmet (heavily wounded, about 33% to evade your +0 trident)
You reach to attack!
You hit Robin.
Robin is severely wounded.
Robin barely misses you.
You hit Robin.
Robin is almost dead.
Robin hits you but does no damage.
You puncture Robin!
You kill Robin!
The adder bites you.
* * * LOW HITPOINT WARNING * * *
You are poisoned.
The adder poisons you!
You barely miss the adder.
You touch the adder.
The adder is almost dead.
You feel sick. The adder bites you.
* * * LOW HITPOINT WARNING * * *
The adder barely misses you.
It was a potion of cancellation.
Your magical effects are unravelling.
You feel magically purged.
You feel a little less mighty now.
* * * LOW HITPOINT WARNING * * *
You feel sick. The adder barely misses you.
Unknown command.
You hit the adder.
You kill the adder!
You feel sick.
You are no longer poisoned.
You hit the hobgoblin.
You kill the hobgoblin!
You puncture the goblin!
You kill the goblin!
The goblin hits you with a +0 club.
You die...

....!......##...##.#
#...## #...##.#....
#...#####...##.#...##
#......#...###.......
#......#...# #.......
..#####....#...# #.......
...........#...# .......
#.###......#...###.......
........_.†...gg@)).#
..####........g####.#
.................#
#.................+
##########....#####
####..## ##S.#
..#######.###
............#


You could see 3 goblins.

Vanquished Creatures
  A jelly (D:2)
  Robin (D:2)
  A gnoll (D:1)
  An adder (D:2)
  A dart slug (D:1)
  8 ball pythons
  7 endoplasms (D:1)
  4 giant cockroaches
  8 goblins
  4 hobgoblins
  2 kobolds
  2 quokkas
  4 frilled lizards (D:1)
  A rat (D:2)
45 creatures vanquished.

Notes
Turn   | Place    | Note
-------+----------+-------------------------------------------
     0 | D:1      | Demosthentine the Demonspawn Gladiator began the quest for
                  | the Orb.
     0 | D:1      | Reached XP level 1. HP: 16/16 MP: 1/1
   197 | D:1      | Discovered your monstrous ancestry.
   197 | D:1      | Gained mutation: Your touch may inflict minor irresistible
                  | damage on your foes. [demonic ancestry]
   197 | D:1      | Reached XP level 2. HP: 2/22 MP: 2/2
   198 | D:1      | HP: 1/22 [giant cockroach (1)]
   605 | D:1      | Reached skill level 1 in Armour
   722 | D:1      | Reached XP level 3. HP: 28/28 MP: 3/3
  1194 | D:2      | Gained mutation: You have a pair of small antennae on your
                  | head. [demonic ancestry]
  1194 | D:2      | Reached XP level 4. HP: 20/34 MP: 4/4
  1298 | D:2      | Found a hazy altar of Hepliaklqana.
  1331 | D:2      | Became a worshipper of Hepliaklqana the Forgotten
  1337 | D:2      | Noticed Robin
  1377 | D:2      | Killed Robin
  1380 | D:2      | HP: 1/34 [poisoned by an adder]
  1383 | D:2      | Slain by a goblin

Illustrated notes

Levels and vault maps discovered:
D:1:      tarquinn_simple_flora_water_a, layout_basic
D:2:      cheibrodos_greedy_goblins, layout_basic, basic_altar, uniq_robin,
          uniq_terence

Skill      XL: |  1  2 |
---------------+-------+-----
Polearms       | 3 |  3.3
Armour         | 1 |  1.7
Dodging        | 3 |  3.3
Fighting       | |  2.8
Throwing       | |  1.7
Shields        | |  0.4

Action                     |  1- 3 |  4- 6 || total
---------------------------+-------+-------++-------
  Melee: Trident           |    85 |    40 ||   125
         Touch             |     4 |     1 ||     5
    Use: Scroll            |     4 |       ||     4
         Potion            |       |     4 ||     4
   Stab: Sleeping          |     1 |       ||     1
 Armour: Leather armour    |    21 |    26 ||    47
  Dodge: Dodged            |    32 |    51 ||    83

Table legend: (Time is in decaauts)
 A = Elapsed time spent in this place.
 B = Non-inter-level travel time spent in this place.
 C = Inter-level travel time spent in this place.
 D = Time resting spent in this place.
 E = Time spent auto-exploring this place.
 F = Levels seen in this place.
 G = Mean time per level.
                   A        B        C        D        E       F      G
               +--------+--------+--------+--------+--------+-----+--------+
         Total |   1402 |   1389 |     13 |     85 |    997 |   2 |  701.0 |
       Dungeon |   1402 |   1389 |     13 |     85 |    997 |   2 |  701.0 |
               +--------+--------+--------+--------+--------+-----+--------+

Top non-repeatable levels by time:
     D:1: 1196 daAuts
     D:2: 205 daAuts
